 Dungeon Crawl Stone Soup version 0.31-a0-865-g3d5d91748a (webtiles) character file.

Game seed: 16878982021984969415

8581 Shayle the Fighter (level 11, -2/90 HPs)
             Began as a Human Shapeshifter on Oct 10, 2023.
             Was a Believer of Ru.
             Slain by a gargoyle
             ... wielding a +0 mace
              (17 damage)
             ... on level 10 of the Dungeon.
             The game lasted 00:36:35 (12028 turns).

Shayle the Fighter (Human Shapeshifter)            Turns: 12028, Time: 00:36:36

Health: -2/90      AC: 14    Str: 14    XL:     11   Next: 58%
Magic:  14/14      EV: 11    Int: 13    God:    Ru [**....]
Gold:   752        SH:  6    Dex: 25    Spells: 10/10 levels left

rFire   . . .        p - +6 mace of Orib Ehe {freeze, Dex+4}
rCold   . . .        z - +1 buckler {AC+3}
rNeg    . . .        G - +5 ring mail
rPois   .            (helmet currently unavailable)
rElec   .            (cloak currently unavailable)
rCorr   .            (gloves currently unavailable)
SInv    .            (boots currently unavailable)
Will    .....        (no amulet)
Stlth   +            q - +6 ring of dexterity
HPRegen 0.35/turn    (no ring)
MPRegen 0.14/turn

%: no passive effects
@: beast-form
A: beast (slay +4), hated by all, no earth magic, no hexes magic, no necromancy
magic
a: Begin Untransformation, Renounce Religion


You were on level 10 of the Dungeon.
You worshipped Ru.
Ru was pleased with you.
You were a hulking beast.
You visited 2 branches of the dungeon, and saw 11 of its levels.

You collected 752 gold pieces.

Inventory:

Hand Weapons
 e - a +2 trident of venom
 p - the +6 mace of Orib Ehe (weapon) {freeze, Dex+4}
   (You found it on level 8 of the Dungeon)

   Dex+4:     It affects your dexterity (+4).
 x - the +8 whip of Usoef {drain, rF- Str+6 Int-2}
   (You found it on level 4 of the Dungeon)

   Str+6:     It affects your strength (+6).
   Int-2:     It affects your intelligence (-2).
   rF-:       It makes you vulnerable to fire.
 F - a +2 short sword of flaming
 K - a +0 demon whip of venom
Missiles
 J - a throwing net
Armour
 j - a +0 pair of gloves
 m - a +0 cloak
 v - the +3 leather armour of the Wheelwright {Harm +Inv rCorr Dex+2}
   (You found it on level 8 of the Dungeon)

   Dex+2:     It affects your dexterity (+2).
   +Inv:      It lets you turn invisible.
   rCorr:     It protects you from acid and corrosion.
   Harm:      It increases damage dealt and taken.
 w - a +2 helmet
 y - a +0 kite shield
 z - a +1 buckler of protection (worn)
 E - +0 steam dragon scales
 G - a +5 ring mail (worn)
 M - a +0 hat of see invisible
Jewellery
 k - the ring of Tacuosex {Str+6 Slay+3 Stlth+}
   (You acquired it on level 7 of the Dungeon)

   [ring of strength]

   Str+6:     It affects your strength (+6).
   Slay+3:    It affects your accuracy & damage with ranged weapons and melee
   (+3).
   Stlth+:    It makes you more stealthy.
 n - a ring of protection from fire
 q - a +6 ring of dexterity (left hand)
Talismans
 c - a beast talisman (active)
 d - a flux talisman
Wands
 l - a wand of flame (7)
 C - a wand of mindburst (5)
 H - a wand of acid (18)
 L - a wand of polymorph (4)
Scrolls
 a - 2 scrolls of enchant weapon
 f - 2 scrolls of immolation
 h - a scroll of fear
 r - 3 scrolls of identify
 s - 2 scrolls of noise
 t - 7 scrolls of teleportation
Potions
 b - a potion of heal wounds {unknown}
 i - 2 potions of haste
 o - 2 potions of degeneration
 u - a potion of berserk rage {unknown}
 A - a potion of ambrosia {unknown}
 B - a potion of enlightenment {unknown}
 D - 2 potions of attraction
 N - a potion of brilliance {unknown}


   Skills:
 + Level 9.8 Fighting
 + Level 6.8 Armour
 - Level 2.0 Dodging
 - Level 7.3 Unarmed Combat
 - Level 4.9 Invocations
 + Level 9.4 Shapeshifting


You had 10 spell levels left.
You didn't know any spells.
Your spell library contained the following spells:

 Spells                   Type           Power      Damage    Failure   Level
 Wereblood                Tmut           0%         N/A       77%         2
 Ignite Poison            Fire/Tmut/Pois 0%         N/A       94%         3
 Iskenderun's Mystic Bla  Conj/Tloc      0%         2d3       100%        4
 Passage of Golubria      Tloc           0%         N/A       100%        4
 Sticky Flame             Conj/Fire      0%         2d3       100%        4
 Alistair's Intoxication  Tmut/Pois      0%         N/A       100%        5
 Freezing Cloud           Conj/Ice/Air   0%         6-21      100%        5
 Irradiate                Conj/Tmut      0%         3d11      100%        5
 Eringya's Noxious Bog    Tmut/Pois      0%         4d6       100%        6
 Ignition                 Fire           0%         3d3       100%        8
 Cigotuvi's Dreadful Rot  Necr/Pois/Air  Unusable   N/A       N/A         2
 Tukima's Dance           Hex            Unusable   N/A       N/A         3
 Dimensional Bullseye     Hex/Tloc       Unusable   N/A       N/A         4
 Borgnjor's Vile Clutch   Necr/Erth      Unusable   N/A       N/A         5
 Yara's Violent Unravell  Hex/Tmut       Unusable   3d3       N/A         5

Dungeon Overview and Level Annotations

Branches:
Dungeon (10/15)            Temple (1/1) D:5             Orc (0/2) D:10
   Lair: D:8-11

Altars:
Ashenzari
Cheibriados
Dithmenos
Elyvilon
Gozag
Kikubaaqudgha
Makhleb
Nemelex Xobeh
Okawaru
Qazlal
Ru
Sif Muna
Trog
Uskayaw
Vehumet
Wu Jian
Xom
Zin
The Shining One

Annotations:
D:10 2 transporters


Innate Abilities, Weirdness & Mutations

You are a hulking beast.
Your limbs bulge with bestial killing power. (Slay +4)
You are hated by all.
You cannot study or cast Earth magic.
You cannot study or cast Hexes magic.
You cannot study or cast Necromancy magic.


Message History

You sock the gargoyle! You freeze the gargoyle.
The gargoyle is severely damaged.
The gargoyle hurls a stone arrow at you.
The stone arrow hits you!
You hit the gargoyle but do no damage.
The gargoyle is severely damaged.
The gargoyle is stunned by your conviction and fails to attack.
The gargoyle hits you with a +0 mace! You block the gargoyle's attack.
You hit the gargoyle. You freeze the gargoyle.
The gargoyle is moderately damaged.
You block the gargoyle's attack.
The gargoyle hurls a stone arrow at you.
The stone arrow hits you!
You focus your inner power and blind the gargoyle in retribution!
You hit the gargoyle but do no damage.
The gargoyle is heavily damaged.
You block the gargoyle's attack. The gargoyle barely misses you.
The gargoyle hurls a stone arrow at you.
The stone arrow hits you!
* * * LOW HITPOINT WARNING * * *
The gargoyle is stunned by your conviction and fails to attack.
You hit the gargoyle. You freeze the gargoyle.
The gargoyle is severely damaged.
The gargoyle hits you but does no damage.
The gargoyle hits you with a +0 morningstar!
* * * LOW HITPOINT WARNING * * *
You focus your inner power and blind the gargoyle in retribution!
Unknown command.
You hit the gargoyle but do no damage.
The gargoyle is severely damaged.
The gargoyle begins to attack, but is stunned by your conviction!
The gargoyle misses you. The gargoyle hits you with a +0 mace.
* * * LOW HITPOINT WARNING * * *
The gargoyle barely misses you.
Unknown command.
Okay, then.
Okay, then.
It was a potion of cancellation.
You feel magically purged. The gargoyle hits you with a +0 mace!
You die...

#.#.#.#.#.#...######.........#
.#.#.#.#.#.#..#. ....#.......#
#.#.#.#.#.#...#. ##..#..######
.#.#.#.#.#.#..#. #..#..# #
#.#.#.#.#.#...#.###..#..# #
.#.#.#.#.#.####.........# #
#.#.#.#.#.#........###### #
.#.#.#.#.#.#.......# #
#(#.#.#.#.#.....h..# #
.#.............99..# #
.#.................# # .#
....(............. # ## #...
#........?... #
#......#....... #
)......#....... .. .......
....... .. ..


You could see 2 gargoyles.

Vanquished Creatures
  Gastronok (D:8)
  Amaemon (D:7)
  Pikel (D:7)
  An orange demon (D:8)
  Maggie (D:8)
  2 hornets
  A vampire (D:9)
  A wyvern (D:8)
  3 steam dragons
  Edmund (D:5)
  5 water moccasins
  Duvessa (D:7)
  A black bear (D:6)
  A sky beast (D:7)
  6 ice beasts
  3 orc warriors
  2 ogres
  2 centaurs
  A lemure (D:7)
  A phantom (D:6)
  A kobold brigand (D:8)
  2 bullfrogs (D:7)
  Blork the orc (D:5)
  A gnoll sergeant (D:8)
  6 scorpions
  Dowan (D:7)
  8 wights
  15 killer bees
  6 howler monkeys
  A jelly (D:8)
  2 orc priests
  7 hounds
  2 gnoll boudas
  2 iguanas
  3 sleepcaps
  4 orc wizards
  6 adders
  10 gnolls
  2 white imps
  An ufetubus (D:4)
  3 worms
  3 dart slugs
  11 orcs
  9 endoplasms
  7 giant cockroaches
  6 goblins
  10 hobgoblins
  2 jackals (D:4)
  3 quokkas
  10 ball pythons
  7 bats
  5 frilled lizards
  5 kobolds
  5 rats
203 creatures vanquished.

Vanquished Creatures (others)
  A killer bee (D:9)
  A kobold (D:8)
2 creatures vanquished.

Grand Total: 205 creatures vanquished

Notes
Turn   | Place    | Note
-------+----------+-------------------------------------------
     0 | D:1      | Shayle the Human Shapeshifter began the quest for the Orb.
     0 | D:1      | Reached XP level 1. HP: 15/15 MP: 1/1
   143 | D:1      | Reached XP level 2. HP: 18/21 MP: 2/2
   665 | D:1      | Reached XP level 3. HP: 27/27 MP: 3/3
  1101 | D:2      | Found a faded altar of an unknown god.
  1327 | D:2      | Reached XP level 4. HP: 28/33 MP: 4/4
  2074 | D:3      | Reached XP level 5. HP: 39/39 MP: 5/5
  2329 | D:3      | Reached XP level 6. HP: 47/47 MP: 6/6
  3254 | D:4      | You fall into a shaft and drop 1 floor!
  3254 | D:5      | Entered Level 5 of the Dungeon
  3371 | D:5      | Noticed an ice beast
  3519 | D:4      | Identified the +8 whip of Usoef {drain, rF- Str+6 Int-2}
  4177 | D:5      | Killed an ice beast
  4178 | D:5      | Reached skill level 5 in Unarmed Combat
  4178 | D:5      | Reached XP level 7. HP: 16/54 MP: 7/7
  4380 | D:5      | Reached skill level 5 in Shapeshifting
  4472 | D:5      | Found a staircase to the Ecumenical Temple.
  4477 | Temple   | Entered the Ecumenical Temple
  4495 | Temple   | Became a worshipper of Ru the Awakened
  4621 | D:5      | Noticed Edmund
  4632 | D:5      | Killed Edmund
  4633 | D:5      | Reached XP level 8. HP: 26/61 MP: 8/8
  4805 | D:5      | Noticed Blork the orc
  4812 | D:5      | Killed Blork the orc
  4813 | D:5      | Reached skill level 5 in Fighting
  5633 | D:6      | Reached XP level 9. HP: 69/69 MP: 9/9
  5965 | D:6      | Found a broken altar of Ashenzari.
  6236 | D:6      | Gained mutation: You are hated by all. [Ru sacrifice]
  6236 | D:6      | Reached * piety under Ru
  6292 | D:6      | Reached skill level 1 in Invocations
  6294 | D:6      | Reached skill level 1 in Armour
  6581 | D:7      | Noticed Duvessa
  6970 | D:7      | Identified a scroll of acquirement
  6970 | D:7      | Acquired the ring of Tacuosex {Str+6 Slay+3 Stlth+}
  7169 | D:7      | Noticed Dowan
  7209 | D:7      | Killed Dowan
  7241 | D:7      | Reached XP level 10. HP: 35/79 MP: 10/12
  7320 | D:7      | Killed Duvessa
  7613 | D:7      | Upgraded the game from 0.31-a0-859-g9dce7d3444 to
                  | 0.31-a0-865-g3d5d91748a
  7618 | D:7      | Found an opulent altar of Gozag.
  7619 | D:7      | Found a shimmering blue altar of Sif Muna.
  8039 | D:8      | Noticed Pikel
  8039 | D:8      | Noticed an orange demon
  8040 | D:8      | Noticed Amaemon
  8040 | D:8      | Noticed Gastronok
  8054 | D:7      | Killed Pikel
  8238 | D:7      | Killed Amaemon
  8389 | D:8      | Noticed Maggie
  8389 | D:8      | Found a snail-covered altar of Cheibriados.
  8565 | D:8      | Killed Maggie
  8597 | D:8      | Killed an orange demon
  8598 | D:8      | Reached skill level 5 in Armour
  8808 | D:8      | Killed Gastronok
  8809 | D:8      | Reached XP level 11. HP: 10/89 MP: 14/14
  9359 | D:8      | Identified the +6 mace of Orib Ehe {freeze, Dex+4}
  9370 | D:8      | Found a glowing silver altar of Zin.
  9433 | D:8      | Identified the +3 leather armour of the Wheelwright {Harm
                  | +Inv rCorr Dex+2}
  9743 | D:8      | Found a hide-covered altar of Uskayaw.
 10296 | D:9      | Paralysed by a hornet for 3 turns
 10299 | D:9      | Gained mutation: You cannot study or cast Earth magic. [Ru
                  | sacrifice]
 10299 | D:9      | Gained mutation: You cannot study or cast Hexes magic. [Ru
                  | sacrifice]
 10299 | D:9      | Gained mutation: You cannot study or cast Necromancy magic.
                  | [Ru sacrifice]
 10299 | D:9      | Reached ** piety under Ru
 10904 | D:10     | Entered Level 10 of the Dungeon
 11029 | D:10     | Found a staircase to the Orcish Mines.
 11143 | D:10     | Paralysed by a hornet for 2 turns
 11425 | D:10     | Found a sparkling altar of Nemelex Xobeh.
 11464 | D:10     | Noticed a fire giant
 11465 | D:10     | Found a stormy altar of Qazlal.
 11465 | D:10     | Found a transporter.
 11465 | D:10     | Noticed a deep elf pyromancer
 11504 | D:10     | Found a burning altar of Makhleb.
 11527 | D:10     | Found a transporter.
 12028 | D:10     | Slain by a gargoyle

Illustrated notes

Levels and vault maps discovered:
D:1:      tarquinn_simple_flora_water_f, layout_basic, dreamdust_wishing_well
D:2:      layout_basic, ebering_ecumenical_altar_petrified
D:3:      layout_basic
D:4:      layout_cave_pools, serial_co_window_serial, co_window_cross_1,
          co_window_of_opportunity_a, co_window_paths_b, co_window_corner_a,
          co_window_paths_b, co_window_paths_a, co_window_corner_a,
          co_window_2corner, co_window_corner_ca, co_window_unsneaky_path_b,
          co_window_corner_b, co_window_broadway_a, co_window_cross_3,
          co_window_paths_c, co_window_4corner_b, sigmund_army
D:5:      layout_basic, temple_doors_e, uniq_blork_the_orc, uniq_edmund
D:6:      layout_rooms, evilmike_ruin_ashenzari,
          minmay_fractal_squares_gapless_5
D:7:      layout_cave_pools, minitemple, minmay_fractal_squares_diagonal_5,
          uniq_duvessa
D:8:      layout_cave_pools, lemuel_doored_altar, cheibriados_altar_1,
          nicolae_uskayaw_dance_studio, uniq_amaemon, uniq_gastronok,
          uniq_maggie, uniq_pikel
D:9:      layout_roguey, mainiacjoe_overflow_small_starburst, uniq_grum
D:10:     layout_stronghold, amcnicky_altar_gilded,
          gammafunk_temple_overflow_arena, mainiacjoe_overflow_six_doors_small,
          lightli_temple_of_fire, orc_david_3, minivault_23
Temple:   bh_familiar_temple

Skill      XL: |  1  2  3  4  5  6  7  8  9 10 11 |
---------------+----------------------------------+-----
Fighting       | 2 3 4 6 7 9 |  9.8
Unarmed Combat | 4 5 6 7 |  7.3
Shapeshifting  | 4 5 6 7 8 9 |  9.4
Invocations    | 2 4 |  4.9
Armour         | 2 5 6 |  6.8
Dodging        | |  2.0

Action                     |  1- 3 |  4- 6 |  7- 9 | 10-12 || total
---------------------------+-------+-------+-------+-------++-------
  Melee: Unarmed           |    94 |   145 |       |       ||   239
         Punch             |       |     3 |     1 |       ||     4
         Whip              |       |    24 |   166 |   136 ||   326
         Mace              |       |       |       |   136 ||   136
 Invoke: Sacrifice Love    |       |       |     1 |       ||     1
         Sacrifice Arcana  |       |       |       |     1 ||     1
  Evoke: Wand              |       |       |       |    10 ||    10
    Use: Potion            |       |     2 |     4 |     2 ||     8
         Scroll            |       |     2 |     4 |     8 ||    14
   Stab: Sleeping          |       |       |       |     1 ||     1
         Invisible         |       |       |       |     1 ||     1
 Armour: Animal skin       |    30 |       |       |       ||    30
         Ring mail         |    12 |    95 |   139 |   230 ||   476
         Skin              |       |    90 |     3 |    29 ||   122
         Steam dragon scal |       |       |    11 |    20 ||    31
  Dodge: Dodged            |    73 |    87 |   116 |   182 ||   458
  Block: Buckler           |       |       |    36 |    93 ||   129

Table legend: (Time is in decaauts)
 A = Elapsed time spent in this place.
 B = Non-inter-level travel time spent in this place.
 C = Inter-level travel time spent in this place.
 D = Time resting spent in this place.
 E = Time spent auto-exploring this place.
 F = Levels seen in this place.
 G = Mean time per level.
                   A        B        C        D        E       F      G
               +--------+--------+--------+--------+--------+-----+--------+
         Total |  12132 |  11768 |    364 |   3277 |   6126 |  11 | 1102.9 |
       Dungeon |  12096 |  11766 |    330 |   3277 |   6126 |  10 | 1209.6 |
        Temple |     35 |      1 |     34 |      0 |      0 |   1 |   35.0 |
               +--------+--------+--------+--------+--------+-----+--------+

Top non-repeatable levels by time:
     D:7: 2127 daAuts
     D:5: 1393 daAuts
     D:4: 1327 daAuts
     D:6: 1317 daAuts
     D:9: 1158 daAuts
    D:10: 1148 daAuts
     D:2: 1038 daAuts
     D:1: 978 daAuts
     D:8: 921 daAuts
     D:3: 683 daAuts
  Temple: 35 daAuts
